 Dungeon Crawl Stone Soup version 0.31-a0-702-gf82c85558f (webtiles) character file.

Game seed: 14031107606194566103

3535 qw the Skirmisher (level 10, -13/64 HPs)
             Began as a Gargoyle Hunter on Sept 8, 2023.
             Was an Initiate of Okawaru.
             Mangled by a komodo dragon (22 damage)
             ... on level 1 of the Lair of Beasts.
             The game lasted 00:02:27 (5663 turns).

qw the Skirmisher (Gargoyle Hunter)                 Turns: 5663, Time: 00:02:27

Health: -13/64     AC: 16    Str: 15    XL:     10   Next: 8%
Magic:  10/10      EV: 14    Int: 10    God:    Okawaru [......]
Gold:   209        SH:  0    Dex: 19    Spells: 9/9 levels left

rFire   . . .        k - +2 orcbow (heavy)
rCold   . . .        (shield currently unavailable)
rNeg    + . .        i - +0 steam dragon scales
rPois   inf          m - +0 helmet
rElec   +            (no cloak)
rCorr   .            h - +0 pair of gloves
SInv    .            c - +0 pair of boots
Will    .....        l - amulet of Foilonki {Regen+ Dex+2}
Stlth   ++           (no ring)
HPRegen 1.10/turn    (no ring)
MPRegen 0.12/turn

%: no passive effects
@: about to teleport
A: sickness immunity, AC +7, negative energy resistance 1, electricity
resistance, torment resistance 1, petrification resistance
a: Renounce Religion


You were on level 1 of the Lair of Beasts.
You worshipped Okawaru.
Okawaru was noncommittal.
You visited 3 branches of the dungeon, and saw 10 of its levels.

You collected 490 gold pieces.
You spent 281 gold pieces at shops.


Innate Abilities, Weirdness & Mutations

You are immune to sickness and miasma.
Your stone body is resilient. (AC +7)
You are immune to poison.
You resist negative energy. (rN+)
You are resistant to electric shocks. (rElec)
You are resistant to unholy torment.
You are immune to petrification.


   Skills:
 - Level 8.0 Fighting
 + Level 11.3 Ranged Weapons
 - Level 3.5 Armour
 - Level 4.3 Dodging
 - Level 1.1 Stealth
 - Level 1.1 Invocations


You had 9 spell levels left.
You didn't know any spells.
Your spell library was empty.

Inventory:

Hand Weapons
 k - a +2 heavy orcbow (weapon)
Armour
 c - a +0 pair of boots (worn)
 h - a +0 pair of gloves (worn)
 i - +0 steam dragon scales (worn)
 m - a +0 helmet (worn)
Jewellery
 l - the amulet of Foilonki (around neck) {Regen+ Dex+2}
   (You acquired it on level 7 of the Dungeon)

   [amulet of regeneration]

   Dex+2:     It affects your dexterity (+2).
   Regen+:    It increases your rate of health regeneration.
Scrolls
 b - 3 scrolls of identify
 j - 4 scrolls of teleportation
Potions
 a - a potion of haste
 e - 2 potions of enlightenment
 f - a potion of cancellation
 g - 5 potions of curing
 o - a potion of mutation

Dungeon Overview and Level Annotations

Branches:
Dungeon (8/15)             Temple (1/1) D:7            Lair (1/5) D:8

Altars:
Ashenzari
Cheibriados
Dithmenos
Elyvilon
Fedhas
Gozag
Hepliaklqana
Kikubaaqudgha
Makhleb
Okawaru
Qazlal
Ru
Sif Muna
Trog
Uskayaw
Vehumet
Wu Jian
Xom
Yredelemnul
Zin
The Shining One

Shops:
D:2 =   D:3 [   D:6 *


Message History

Done exploring.
5638 ||| DRINKING 3 sapphire potions.
It was a potion of attraction.
You feel attractive to monsters.
Done exploring.
5639 ||| READING 4 scrolls of identify.
As you read the scroll of identify, it crumbles to dust.
o - a potion of mutation
5639 ||| IDENTIFYING lumpy purple potion Done exploring.
5640 ||| DROPPING 2 potions of attraction.
You drop 2 potions of attraction.
Done exploring.
What level of the Lair of Beasts? (default 1, ? - help)
There is a staircase to the Lair here.
You climb downwards.
Welcome to the Lair of Beasts!
The komodo dragon is attracted toward you.
There is a staircase back to the Dungeon here.
A komodo dragon is nearby!
Waypoint 9 assigned to Lair:1.
You shoot an arrow. The arrow hits the komodo dragon!!
The komodo dragon hisses angrily.
The komodo dragon is heavily wounded.
The komodo dragon misses you.
You feel less attractive to monsters.
You shoot an arrow.
The arrow closely misses the komodo dragon.
The komodo dragon bites you!!
You shoot an arrow. The arrow hits the komodo dragon!
The komodo dragon is severely wounded.
The komodo dragon barely misses you. The komodo dragon bites you!
You shoot an arrow. The arrow hits the komodo dragon.
The komodo dragon is almost dead.
The komodo dragon bites you!!
You shoot an arrow.
The arrow barely misses the komodo dragon.
The komodo dragon barely misses you. The komodo dragon bites you!
5663 ||| READING 5 scrolls of teleportation.
As you read the scroll of teleportation, it crumbles to dust.
You feel strangely unstable. The komodo dragon bites you!!
You die...

###
##~~####
##~~~~~~#
##~~..P.~ #
#~~......~~
#~~...#....
#~~.l..#
#~~@.#
#~~~P#
##~~~#
#####


You could see a komodo dragon.

Vanquished Creatures
  Sigmund (D:2)
  2 steam dragons
  A wyvern (D:7)
  4 water moccasins
  An ice beast (D:5)
  An orc warrior (D:8)
  2 sky beasts
  3 centaurs
  2 phantoms (D:5)
  6 bullfrogs
  4 scorpions
  10 wights
  2 sleepcaps
  2 hounds (D:4)
  3 orc priests
  5 iguanas
  4 orc wizards
  3 gnolls (D:3)
  10 adders
  2 white imps
  3 worms
  2 dart slugs (D:1)
  11 orcs
  6 ball pythons
  5 endoplasms
  3 giant cockroaches
  9 hobgoblins
  3 jackals (D:1)
  3 quokkas
  3 bats
  4 frilled lizards
  12 goblins
  7 kobolds
  6 rats
145 creatures vanquished.

Notes
Turn   | Place    | Note
-------+----------+-------------------------------------------
     0 | D:1      | qw the Gargoyle Hunter began the quest for the Orb.
     0 | D:1      | Reached XP level 1. HP: 12/12 MP: 1/1
     0 | D:1      | 0 ||| qw: Version: 0.3-a-76-g4403597
     0 | D:1      | 0 ||| qw: Game counter: 1148
     0 | D:1      | 0 ||| qw: Melee chars always use a shield: true
     0 | D:1      | 0 ||| qw: God list: Okawaru
     0 | D:1      | 0 ||| qw: Allow faded altars: false
     0 | D:1      | 0 ||| qw: Do Orc after clearing Dungeon:15 true
     0 | D:1      | 0 ||| qw: Do second Lair branch before Depths: true
     0 | D:1      | 0 ||| qw: Lair rune preference: random
     0 | D:1      | 0 ||| qw: Goals: Normal
     0 | D:1      | 0 ||| PLANNING D:1-11
     2 | D:1      | Noticed a vine stalker
     2 | D:1      | Noticed a tengu
     4 | D:1      | Noticed a minotaur
     4 | D:1      | Noticed a formicid
     6 | D:1      | Noticed a felid
     6 | D:1      | Noticed a vampire
    10 | D:1      | Noticed a gargoyle
    10 | D:1      | Noticed a meteoran
    12 | D:1      | Noticed a draconian
    12 | D:1      | Noticed a naga
    14 | D:1      | Noticed an octopode
    14 | D:1      | Noticed a demonspawn
    16 | D:1      | Noticed an elf
    16 | D:1      | Noticed an armataur
    18 | D:1      | Noticed a demigod
    18 | D:1      | Noticed a human
    20 | D:1      | Noticed a troll
    20 | D:1      | Noticed a merfolk
    22 | D:1      | Noticed a ghoul
    22 | D:1      | Noticed a spriggan
    24 | D:1      | Noticed an ogre
    24 | D:1      | Noticed a formicid
    26 | D:1      | Noticed a demigod
    62 | D:1      | Reached XP level 2. HP: 17/17 MP: 2/2
   189 | D:1      | 189 ||| RETREATING.
   193 | D:1      | 193 ||| Stepping ~*~*~tactically~*~*~ (retreating).
   194 | D:1      | 194 ||| Stepping ~*~*~tactically~*~*~ (retreating).
   199 | D:1      | 199 ||| Stepping ~*~*~tactically~*~*~ (retreating).
   206 | D:1      | Reached XP level 3. HP: 18/21 MP: 3/3
   297 | D:1      | Reached skill level 5 in Ranged Weapons
   505 | D:1      | 505 ||| UPGRADING to +0 pair of gloves.
   510 | D:1      | 510 ||| DROPPING amulet of magic regeneration.
   511 | D:1      | 511 ||| READING scroll labelled AGEFAO DOST.
   512 | D:1      | 512 ||| READING scroll labelled CYGERAOS EFINUF.
   513 | D:1      | 513 ||| READING scroll labelled JITAKK TEZATZI.
   516 | D:1      | 516 ||| READING scroll labelled UDWOIGAPUEGH.
   517 | D:1      | 517 ||| READING scroll labelled ELYSAY NUG XOUHUO.
   518 | D:1      | 518 ||| DRINKING 2 fizzy puce potions.
   519 | D:1      | 519 ||| DROPPING scroll of butterflies.
   565 | D:2      | Found an ornate altar of the Wu Jian Council.
   568 | D:2      | Noticed Sigmund
   580 | D:2      | Killed Sigmund
   581 | D:2      | Reached XP level 4. HP: 27/31 MP: 4/4
   581 | D:2      | Reached XP level 5. HP: 31/35 MP: 5/5
   782 | D:2      | Reached XP level 6. HP: 40/40 MP: 6/6
  1100 | D:2      | Found Keleych's Jewellery Shoppe.
  1109 | D:2      | 1109 ||| SHOPLISTING +6 ring of dexterity (396 gold, have
                  | 140).
  1109 | D:2      | 1109 ||| SHOPLISTING amulet of Vacaimom {Reflect rPois rF+
                  | SH+5 SInv} (576 gold, have 140).
  1109 | D:2      | 1109 ||| SHOPLISTING amulet of regeneration (330 gold, have
                  | 140).
  1109 | D:2      | 1109 ||| SHOPLISTING ring of ice (275 gold, have 140).
  1109 | D:2      | 1109 ||| SHOPLISTING ring of willpower (275 gold, have
                  | 140).
  1137 | D:2      | 1137 ||| UPGRADING to +0 ring mail.
  1147 | D:2      | 1147 ||| DROPPING +0 leather armour.
  1148 | D:2      | 1148 ||| READING scroll labelled MYMMUE AWYRE.
  1149 | D:2      | 1149 ||| DRINKING 2 metallic grey potions.
  1150 | D:2      | 1150 ||| DRINKING 2 yellow potions.
  1151 | D:2      | 1151 ||| DRINKING 2 inky potions.
  1167 | D:3      | 1167 ||| STAIRDANCE
  1229 | D:3      | Reached skill level 1 in Armour
  1420 | D:3      | Found Iniuj's Antique Armour Shop.
  1440 | D:3      | 1440 ||| BUYING pair of boots (135 gold).
  1440 | D:3      | Bought a pair of boots for 135 gold pieces
  1440 | D:3      | 1440 ||| SHOPLISTING shiny ring mail (210 gold, have 15).
  1440 | D:3      | 1440 ||| SHOPLISTING shiny troll leather armour (540 gold,
                  | have 15).
  1499 | D:3      | Reached skill level 6 in Ranged Weapons
  1691 | D:3      | 1691 ||| UPGRADING to +0 pair of boots.
  1696 | D:3      | 1696 ||| READING 2 scrolls of identify.
  1696 | D:3      | 1696 ||| IDENTIFYING lumpy grey potion
  1697 | D:3      | 1697 ||| DROPPING potion of berserk rage.
  2138 | D:4      | Reached XP level 7. HP: 42/44 MP: 7/7
  2521 | D:4      | 2521 ||| READING scroll labelled HAHUKE UDDUE.
  2522 | D:4      | 2522 ||| READING scroll labelled FOCKAYDEUR.
  2540 | D:5      | Entered Level 5 of the Dungeon
  2544 | D:5      | 2544 ||| STAIRDANCE
  2597 | D:5      | Reached skill level 7 in Ranged Weapons
  2680 | D:5      | Found a stormy altar of Qazlal.
  2780 | D:5      | Found an opulent altar of Gozag.
  2811 | D:5      | Reached skill level 8 in Ranged Weapons
  2811 | D:5      | Reached XP level 8. HP: 50/50 MP: 8/8
  2820 | D:5      | Found a bloodstained altar of Trog.
  3038 | D:5      | 3038 ||| READING scroll of enchant weapon.
  3038 | D:5      | 3038 ||| ENCHANTING +1 shortbow.
  3295 | D:5      | 3295 ||| READING scroll labelled HUPPIMMOTA.
  3401 | D:6      | 3401 ||| READING scroll of enchant weapon.
  3401 | D:6      | 3401 ||| ENCHANTING +2 shortbow.
  3410 | D:6      | Found a shadowy altar of Dithmenos.
  3461 | D:6      | Reached skill level 9 in Ranged Weapons
  3520 | D:6      | 3520 ||| Stepping ~*~*~tactically~*~*~ (cloud).
  3528 | D:6      | Reached skill level 6 in Fighting
  3675 | D:6      | Found Wiemar's General Store.
  3685 | D:6      | 3685 ||| BUYING +1 heavy orcbow (146 gold).
  3685 | D:6      | Bought a +1 heavy orcbow for 146 gold pieces
  3685 | D:6      | 3685 ||| SHOPLISTING scroll of identify (22 gold, have 11).
  3685 | D:6      | 3685 ||| SWAPPING to +1 heavy orcbow.
  3686 | D:6      | 3686 ||| DROPPING +3 shortbow.
  3797 | D:6      | Reached XP level 9. HP: 55/55 MP: 9/9
  3834 | D:6      | Reached skill level 10 in Ranged Weapons
  3837 | D:6      | 3837 ||| READING scroll of enchant weapon.
  3837 | D:6      | 3837 ||| ENCHANTING +1 heavy orcbow.
  3955 | D:6      | Reached skill level 3 in Armour
  4099 | D:6      | 4099 ||| UPGRADING to +0 steam dragon scales.
  4109 | D:6      | 4109 ||| DROPPING +0 ring mail.
  4156 | D:7      | Found a shimmering altar of Xom.
  4181 | D:7      | Found a staircase to the Ecumenical Temple.
  4182 | D:7      | 4182 ||| PLANNING TEMPLE
  4190 | Temple   | Entered the Ecumenical Temple
  4191 | Temple   | 4191 ||| PLANNING OKAWARU WORSHIP
  4200 | Temple   | Became a worshipper of Warmaster Okawaru
  4201 | Temple   | 4201 ||| PLANNING D:1-11
  4218 | D:7      | Reached skill level 3 in Dodging
  4572 | D:7      | 4572 ||| RETREATING.
  4721 | D:7      | Reached skill level 11 in Ranged Weapons
  4997 | D:7      | 4997 ||| UPGRADING to +0 helmet.
  5002 | D:7      | 5002 ||| READING scroll labelled KOXA LEWNAO.
  5002 | D:7      | Identified a scroll of acquirement
  5002 | D:7      | 5002 ||| ACQUIRING amulet of Foilonki {Regen+ Dex+2}
  5002 | D:7      | Acquired the amulet of Foilonki {Regen+ Dex+2}
  5004 | D:7      | 5004 ||| UPGRADING to amulet of Foilonki {Regen+ Dex+2}.
  5009 | D:7      | 5009 ||| READING 4 scrolls of identify.
  5009 | D:7      | 5009 ||| IDENTIFYING white potion
  5010 | D:7      | 5010 ||| DROPPING potion of lignification.
  5041 | D:8      | Reached * piety under Okawaru
  5091 | D:8      | 5091 ||| INVOKING Heroism.
  5103 | D:8      | 5103 ||| FLEEEEING.
  5104 | D:8      | 5104 ||| FLEEEEING.
  5163 | D:8      | 5163 ||| INVOKING Heroism.
  5227 | D:8      | 5227 ||| INVOKING Heroism.
  5233 | D:8      | Reached XP level 10. HP: 48/64 MP: 7/10
  5254 | D:8      | Found a sacrificial altar of Ru.
  5258 | D:8      | Found a staircase to the Lair.
  5324 | D:8      | Reached skill level 1 in Invocations
  5324 | D:8      | 5324 ||| INVOKING Heroism.
  5423 | D:8      | Found a broken altar of Ashenzari.
  5537 | D:8      | 5537 ||| PLANNING LAIR
  5537 | D:8      | 5537 ||| READING scroll labelled QUTZIO WURARE.
  5638 | D:8      | 5638 ||| DRINKING 3 sapphire potions.
  5639 | D:8      | 5639 ||| READING 4 scrolls of identify.
  5639 | D:8      | 5639 ||| IDENTIFYING lumpy purple potion
  5640 | D:8      | 5640 ||| DROPPING 2 potions of attraction.
  5657 | Lair:1   | Entered Level 1 of the Lair of Beasts
  5662 | Lair:1   | HP: 8/64 [komodo dragon (15)]
  5663 | Lair:1   | 5663 ||| READING 5 scrolls of teleportation.
  5663 | Lair:1   | Mangled by a komodo dragon

Levels and vault maps discovered:
D:1:      kb_arrival_jail, layout_rooms, chequers_jeans
D:2:      layout_loops_ring, basic_altar, serial_shops, shop, uniq_sigmund
D:3:      layout_rooms, serial_shops, shop, minmay_ruptured
D:4:      layout_basic, grunt_ministairs_3, serial_bayou_lagoon_a
D:5:      layout_cave_pools, nicolae_qazlal_eye_of_the_storm,
          lemuel_doored_altar, grunt_gozag_statues, chequers_decorated_corner,
          grunt_decor_arrowhead, minmay_curled_crystal,
          chequers_serial_rivers_micro_e
D:6:      layout_loops_cross, nicolae_dithmenos_the_darkroom, serial_shops,
          nicolae_lakefront_shop
D:7:      layout_gridville, mainiacjoe_overflow_surrounded_room,
          minmay_temple_entry_waves, nicolae_wand_duel
D:8:      layout_cave_pools, mainiacjoe_overflow_tiny_flanked,
          kennysheep_little_box, lair_entry_dummy, minivault_24
Temple:   compressed_dpeg_circular_temple
Lair:1:   layout_loops_ring, cheibrodos_lair_caveside_slide,
          minmay_lair_oklob_items, grunt_megastairs_1, lemuel_fruit_tree,
          uniq_joseph

Skill      XL: |  1  2  3  4  5  6  7  8  9 10 |
---------------+-------------------------------+-----
Ranged Weapons | 5 6 8 9 11 | 11.3
Fighting       | 5 6 7 8 |  8.0
Armour         | 1 2 3 |  3.5
Dodging        | 2 4 |  4.3
Invocations    | 1 |  1.1
Stealth        | |  1.1

Action                     |  1- 3 |  4- 6 |  7- 9 | 10-12 || total
---------------------------+-------+-------+-------+-------++-------
   Fire: Shortbow          |    78 |   154 |   182 |       ||   414
         Orcbow            |       |       |   102 |    25 ||   127
 Invoke: Heroism           |       |       |     3 |     1 ||     4
    Use: Scroll            |     5 |     2 |     8 |     3 ||    18
         Potion            |     1 |     3 |       |     1 ||     5
 Armour: Leather armour    |    16 |     5 |       |       ||    21
         Ring mail         |       |    51 |   108 |       ||   159
         Steam dragon scal |       |       |    33 |    16 ||    49
  Dodge: Dodged            |    19 |    41 |    81 |    10 ||   151

Table legend:
 A = Non-vault XP
 B = Vault XP
 C = Vault XP percentage of total XP
 D = Non-vault monster count
 E = Vault monster count
 F = Vault count percentage of total count
                 A         B        C        D         E       F
            +---------+---------+-------+---------+---------+-------
      Total |    4814 |     236 |   4.7 |     138 |       7 |   4.8
            +---------+---------+-------+---------+---------+-------
        D:1 |      49 |       0 |   0.0 |      28 |       0 |   0.0
        D:2 |      61 |     226 |  78.7 |       9 |       1 |  10.0
        D:3 |     170 |       7 |   4.0 |      21 |       4 |  16.0
        D:4 |     194 |       3 |   1.5 |      17 |       2 |  10.5
        D:5 |     892 |       0 |   0.0 |      17 |       0 |   0.0
        D:6 |    1052 |       0 |   0.0 |      12 |       0 |   0.0
        D:7 |    1135 |       0 |   0.0 |      15 |       0 |   0.0
        D:8 |    1261 |       0 |   0.0 |      19 |       0 |   0.0
            +---------+---------+-------+---------+---------+-------
